 Dungeon Crawl Stone Soup version 0.31.0-32-g396128a36d (console) character file.

Game seed: 2920343084611393111

61447 mobydollar the Severer (level 14, -1/207 HPs)
             Began as a Minotaur Fighter on Mar 22, 2024.
             Was the Champion of Zin.
             Slain by a redback (6 damage)
             ... on level 1 of the Spider Nest on Mar 26, 2024.
             The game lasted 01:54:49 (20447 turns).

mobydollar the Severer (Minotaur Fighter)          Turns: 20447, Time: 01:54:50

Health: -1/207     AC: 27    Str: 24    XL:     14   Next: 60%
Magic:  1/21       EV: 11    Int:  5    God:    Zin [******]
Gold:   1632       SH:  0    Dex: 19    Spells: 17/17 levels left

rFire   . . .        a - +4 broad axe (elec)
rCold   . . .        c - +0 buckler
rNeg    . . .        U - +6 chain mail of Pathos {Str+2 Dex+5}
rPois   +            V - +0 hat
rElec   .            N - +0 cloak
rCorr   .            C - +3 Mad Mage's Maulers {Infuse+∞ VampMP -Cast}
SInv    .            A - +1 pair of boots
Will    +....        q - amulet of faith Stlth
                     m - ring of poison resistance
HPRegen 0.54/turn    k - +4 ring of slaying
MPRegen 0.17/turn

%: no spellcasting, faith, infuse magic (1 MP)
@: confused, berserking (expiring), slowed
A: horns 2, retaliatory headbutt
a: Renounce Religion, Recite, Vitalisation, Imprison, Sanctuary, Donate Gold


You were on level 1 of the Spider Nest.
You worshipped Zin.
Zin was exalted by your worship.
You visited 4 branches of the dungeon, and saw 19 of its levels.

You collected 2172 gold pieces.
You spent 420 gold pieces at shops.
You donated 120 gold pieces to Zin.

Inventory:

Hand Weapons
 a - a +4 broad axe of electrocution (weapon)
 b - a +0 sling
 f - a +1 whip of venom
 x - a +1 arbalest of flaming
 I - a +0 dagger of freezing
Missiles
 e - 101 stones
 B - 22 poisoned darts (quivered)
 S - 2 throwing nets
Armour
 c - a +0 buckler (worn)
 u - a +1 plate armour of cold resistance
 A - a +1 pair of boots (worn)
 C - the +3 Mad Mage's Maulers (worn) {Infuse+∞ VampMP -Cast}
   (You acquired it on level 10 of the Dungeon)

   Infuse+∞: It empowers its wearer's blows with all of their magic.
   VampMP:    Blows struck in melee replenish the wearer's magic.
   -Cast:     It prevents spellcasting.
 N - a +0 cloak (worn)
 Q - a +1 chain mail of fire resistance
 U - the +6 chain mail of Pathos (worn) {Str+2 Dex+5}
   (You took it off Joseph on level 9 of the Dungeon)

   Str+2:     It affects your strength (+2).
   Dex+5:     It affects your dexterity (+5).
 V - a +0 hat (worn)
 X - the +2 pair of gloves "Voll" {rC- Int+5 Slay+2}
   (You acquired it on level 4 of the Lair of Beasts)

   Int+5:     It affects your intelligence (+5).
   Slay+2:    It affects your accuracy & damage with ranged weapons and melee
   (+2).
   rC-:       It makes you vulnerable to cold.
Jewellery
 g - a +5 ring of evasion
 k - a +4 ring of slaying (right hand)
 m - a ring of poison resistance (left hand)
 q - an amulet of faith (around neck)
 K - the ring of Juomax {rElec rF+ Dex+6}
   (You found it on level 7 of the Dungeon)

   [ring of dexterity]

   Dex+6:     It affects your dexterity (+6).
   rF+:       It protects you from fire.
   rElec:     It insulates you from electricity.
Wands
 n - a wand of quicksilver (28)
 p - a wand of flame (43)
 r - a wand of digging (6)
 t - a wand of roots (3)
 L - a wand of paralysis (31)
Scrolls
 l - 3 scrolls of teleportation
 w - 2 scrolls of noise
 y - a scroll of revelation
 F - 2 scrolls of immolation
 M - 3 scrolls of vulnerability
 Y - a scroll of fear
Potions
 d - 3 potions of might
 h - 3 potions of heal wounds
 i - a potion of ambrosia
 s - 5 potions of curing
 v - 7 potions of enlightenment
 z - a potion of cancellation
 D - 3 potions of haste
 G - 2 potions of invisibility
 R - a potion of brilliance
Miscellaneous
 Z - a lightning rod (inert)


   Skills:
 + Level 16.4 Fighting
 - Level 17.6(18.0) Axes
 - Level 5.6(12.8) Maces & Flails
 + Level 12.7 Armour
 - Level 5.0 Dodging
 - Level 5.0 Shields
 - Level 2.1 Spellcasting
 + Level 10.8 Invocations


You had 17 spell levels left.
You didn't know any spells.
Your spell library contained the following spells:

 Spells                   Type           Power      Damage    Failure   Level
 Lesser Beckoning         Tloc           0%         N/A       96%         2
 Static Discharge         Conj/Air       0%         3-3/arc   96%         2
 Gell's Gravitas          Tloc           0%         N/A       99%         3
 Inner Flame              Hex/Fire       0%         N/A       99%         3
 Stone Arrow              Conj/Erth      0%         3d7       99%         3
 Teleport Other           Tloc           0%         N/A       99%         3
 Airstrike                Air            0%         2d(0-16)  100%        4
 Animate Armour           Summ/Erth      0%         N/A       100%        4
 Flame Wave               Conj/Fire      0%         2d4       100%        4
 Manifold Assault         Tloc           0%         N/A       100%        4
 Olgreb's Toxic Radiance  Alch           0%         N/A       100%        4
 Sticky Flame             Fire/Alch      0%         2d4       100%        4
 Summon Lightning Spire   Summ/Air       0%         N/A       100%        4
 Lee's Rapid Deconstruct  Erth           0%         3d4*      100%        5
 Dispersal                Tloc           0%         N/A       100%        6
 Ozocubu's Refrigeration  Ice            0%         4d7       100%        7
 Discord                  Hex            0%         N/A       100%        8
 Disjunction              Tloc           0%         N/A       100%        8
 Lehudib's Crystal Spear  Conj/Erth      0%         10d2      100%        8


Dungeon Overview and Level Annotations

Branches:
Dungeon (11/15)            Temple (0/1) D:6            Lair (5/5) D:10
 Shoals (0/4) Lair:2       Spider (1/4) Lair:3        Slime (0/5) Lair:5
    Orc (2/2) D:11            Elf (0/3) Orc:2

Altars:
Cheibriados
Dithmenos
Elyvilon
Fedhas
Makhleb
Trog
Uskayaw
Yredelemnul
Zin
Jiyva

Shops:
D:5 =   Orc:2 =[?=:

Annotations:
D:2 Natasha
Lair:1 2 transporters, exclusion: downstairs
Lair:2 2 runed translucent doors, exclusions: 2 doors and 1 more exclusion, Lemonizer's ghost, journeyman DrNe
Spider:1 Jorgrun
Orc:2 exclusion: downstairs


Innate Abilities, Weirdness & Mutations

You have a pair of horns on your head.
You reflexively headbutt those who attack you in melee.


Message History

The demonic crawler hits you but does no damage. x3
The redback bites you but does no damage.
The demonic crawler hits you!
* * * LOW HITPOINT WARNING * * *
The demonic crawler hits you!!
* * * LOW HITPOINT WARNING * * *
The demonic crawler closely misses you.
The jumping spider leaps!
The redback attacks as it pursues you!
The redback bites you but does no damage.
You feel a strong urge to attack something.
The demonic crawler attacks as it pursues you!
The demonic crawler hits you but does no damage.
The demonic crawler barely misses you.
The demonic crawler completely misses you.
The redback barely misses you.
The redback bites you but does no damage.
The demonic crawler hits you but does no damage.
The demonic crawler hits you!
* * * LOW HITPOINT WARNING * * *
The demonic crawler hits you but does no damage.
The jumping spider leaps!
The redback barely misses you.
The jumping spider leaps!
The demonic crawler barely misses you. The demonic crawler hits you!
* * * LOW HITPOINT WARNING * * *
The demonic crawler hits you!
* * * LOW HITPOINT WARNING * * *
The redback bites you.
* * * LOW HITPOINT WARNING * * *
Okay, then.
You are too berserk!
You are too berserk!
Unknown command.
You slice the redback!!
You kill the redback!
You hit the redback. You closely miss the redback.
You slice the demonic crawler!! You slash the demonic crawler!
The demonic crawler hits you but does no damage. x3
The redback bites you but does no damage.
The redback bites you.
You die...

.............^..
.../.............
.................
^................
.................
......s.w........
....s...s°.......
.....s.@s†...(...
......ss†<†......
........†..°.....
.................
....$............
.................
...........^.....
...............°.
...............


You could see a torpor snail, 2 demonic crawlers, a wolf spider, 2 jumping
spiders and 2 redbacks.

Vanquished Creatures
  Snorg (D:11)
  A fire dragon (Lair:5)
  Harold (D:9)
  5 hydras
  A catoblepas (Lair:4)
  A two-headed ogre (D:8)
  A demonic crawler (Lair:5)
  14 death yaks
  2 skysharks
  A swamp dragon (Lair:5)
  A lindwurm (Lair:2)
  A cyclops (D:11)
  3 wolf spiders
  A moth of wrath (Spider:1)
  An orc sorcerer (Orc:2)
  Maurice (D:8)
  A merfolk siren (Lair:2)
  Joseph (D:9)
  A guardian serpent (Lair:5)
  14 black mambas
  8 kobold blastminers
  13 cane toads
  3 rime drakes
  7 komodo dragons
  An unseen horror (D:11)
  3 trolls
  4 tarantellas
  A tyrant leech (Lair:5)
  5 hornets
  3 merfolk (Lair:2)
  7 blink frogs
  Prince Ribbit (Lair:2)
  7 dream sheep (Lair:4)
  A jumping spider (Spider:1)
  4 culicivoras
  Sigmund (D:2)
  45 yaks
  11 wyverns
  7 steam dragons
  5 basilisks
  2 wargs (Orc:1)
  5 redbacks
  Menkaure (D:4)
  3 swamp worms (Lair:5)
  3 acid dragons
  23 water moccasins
  A swamp drake (Lair:5)
  26 orc warriors
  A sky beast (D:7)
  An ice beast (D:7)
  A black bear (D:3)
  6 ogres
  3 wolves (Lair:1)
  9 centaurs (Orc:2)
  3 kobold brigands
  4 bullfrogs
  4 scorpions
  3 wights (D:9)
  18 killer bees
  A howler monkey (D:6)
  A bombardier beetle (D:5)
  A jelly (D:3)
  6 hounds
  9 orc priests
  2 gnoll boudas
  A sleepcap (D:5)
  Jessica (D:3)
  Terence (D:3)
  17 orc wizards
  8 iguanas
  Robin (D:2)
  6 gnolls
  8 adders
  A shadow imp (D:3)
  2 white imps
  A ribbon worm (D:2)
  4 dart slugs
  52 orcs
  5 bats
  10 endoplasms
  A giant cockroach (D:2)
  13 goblins
  9 hobgoblins
  2 jackals (D:3)
  24 kobolds
  8 quokkas
  7 ball pythons
  5 frilled lizards
  4 rats (D:1)
518 creatures vanquished.

Vanquished Creatures (others)
  2 iguanas (Lair:5)
  2 orcs (Orc:2)
4 creatures vanquished.

Grand Total: 522 creatures vanquished

Notes
Turn   | Place    | Note
-------+----------+-------------------------------------------
     0 | D:1      | mobydollar the Minotaur Fighter began the quest for the
                  | Orb.
     0 | D:1      | Reached XP level 1. HP: 19/19 MP: 0/0
   260 | D:1      | Reached XP level 2. HP: 27/27 MP: 1/1
   394 | D:1      | Found a faded altar of an unknown god.
   984 | D:2      | Noticed Robin
  1001 | D:2      | Reached XP level 3. HP: 34/34 MP: 2/2
  1060 | D:2      | Killed Robin
  1224 | D:2      | Noticed Natasha
  1440 | D:2      | Noticed Sigmund
  1459 | D:2      | Killed Sigmund
  1460 | D:2      | Reached skill level 5 in Maces & Flails
  1460 | D:2      | Reached XP level 4. HP: 32/44 MP: 3/3
  1460 | D:2      | Reached XP level 5. HP: 37/50 MP: 4/4
  2316 | D:3      | Noticed Jessica
  2321 | D:3      | Killed Jessica
  2322 | D:3      | Reached XP level 6. HP: 43/57 MP: 5/5
  2479 | D:3      | Noticed Terence
  2488 | D:3      | Killed Terence
  2897 | D:4      | Reached XP level 7. HP: 63/68 MP: 6/6
  2951 | D:4      | Noticed Menkaure
  2958 | D:4      | Killed Menkaure
  3023 | D:4      | Found Zin's Purification Station.
  3026 | D:4      | Found a glowing silver altar of Zin.
  3030 | D:4      | Bought a potion of curing for 90 gold pieces
  3043 | D:4      | Became a worshipper of Zin the Law-Giver
  3121 | D:4      | Reached * piety under Zin
  3355 | D:5      | Entered Level 5 of the Dungeon
  3411 | D:5      | Reached skill level 1 in Axes
  3490 | D:5      | Reached skill level 1 in Invocations
  3651 | D:5      | Reached skill level 2 in Axes
  3814 | D:5      | Found Hyseogog's Jewellery Emporium.
  3982 | D:5      | Reached XP level 8. HP: 76/78 MP: 8/8
  4267 | D:5      | Reached skill level 3 in Axes
  4499 | D:6      | Reached ** piety under Zin
  4590 | D:6      | Found a basalt altar of Yredelemnul.
  4619 | D:6      | Found a white marble altar of Elyvilon.
  4634 | D:6      | Found a shadowy altar of Dithmenos.
  4637 | D:6      | Found a blossoming altar of Fedhas.
  4838 | D:6      | Reached skill level 4 in Axes
  4913 | D:6      | Reached skill level 10 in Fighting
  4936 | D:6      | Found a burning altar of Makhleb.
  5075 | D:6      | Found a staircase to the Ecumenical Temple.
  5582 | D:7      | Reached skill level 5 in Axes
  5774 | D:7      | Reached skill level 6 in Axes
  5870 | D:7      | Reached skill level 5 in Invocations
  5936 | D:7      | Reached XP level 9. HP: 61/85 MP: 11/11
  6037 | D:7      | Reached skill level 7 in Axes
  6403 | D:7      | Identified the ring of Juomax {rElec rF+ Dex+6}
  6468 | D:8      | Noticed a +0 dagger
  6468 | D:8      | Noticed a +0 dagger
  6468 | D:8      | Found a hide-covered altar of Uskayaw.
  6579 | D:8      | Reached skill level 8 in Axes
  6645 | D:8      | Reached skill level 9 in Axes
  6656 | D:8      | Reached skill level 5 in Armour
  6656 | D:8      | Reached skill level 5 in Shields
  6667 | D:8      | Noticed Maurice
  6762 | D:8      | Identified the +0 robe "Othimp" {rN+ rCorr}
  6833 | D:8      | Killed Maurice
  6835 | D:8      | Reached *** piety under Zin
  6888 | D:8      | Reached XP level 10. HP: 87/94 MP: 12/12
  6936 | D:8      | Reached skill level 10 in Axes
  7302 | D:8      | Found a snail-covered altar of Cheibriados.
  7382 | D:9      | Noticed a two-headed ogre
  7387 | D:8      | Killed a two-headed ogre
  7485 | D:9      | Noticed Harold
  7496 | D:9      | Killed Harold
  7497 | D:9      | Reached skill level 11 in Axes
  7938 | D:9      | Reached **** piety under Zin
  8021 | D:9      | Reached skill level 12 in Axes
  8073 | D:9      | Identified the +6 chain mail of Pathos {Str+2 Dex+5}
  8073 | D:9      | Noticed Joseph
  8188 | D:10     | Entered Level 10 of the Dungeon
  8435 | D:9      | Killed Joseph
  8514 | D:10     | Found a staircase to the Lair.
  8542 | D:10     | Reached XP level 11. HP: 72/104 MP: 13/13
  8862 | D:10     | Found a bloodstained altar of Trog.
  9226 | D:11     | Found a staircase to the Orcish Mines.
  9239 | D:11     | Reached ***** piety under Zin
  9376 | D:11     | Noticed Snorg
  9457 | D:10     | !w1
  9465 | Lair:1   | Entered Level 1 of the Lair of Beasts
  9646 | Lair:1   | Found a transporter.
  9716 | Lair:1   | Reached skill level 13 in Axes
  9973 | Lair:1   | Reached skill level 1 in Spellcasting
 10062 | Lair:1   | Found a transporter.
 10368 | Lair:2   | Noticed a death yak
 10368 | Lair:2   | Noticed a death yak
 10368 | Lair:2   | Noticed a death yak
 10453 | Lair:2   | Noticed a death yak
 10469 | Lair:2   | Killed a death yak
 10517 | Lair:2   | Killed a death yak
 10523 | Lair:2   | Killed a death yak
 10531 | Lair:2   | Killed a death yak
 10776 | Lair:2   | Reached skill level 14 in Axes
 10944 | Lair:2   | Noticed a skyshark
 10955 | Lair:2   | Killed a skyshark
 11285 | Lair:2   | Found a staircase to the Shoals.
 11313 | Lair:2   | Reached XP level 12. HP: 88/115 MP: 15/15
 11479 | Lair:2   | Reached skill level 1 in Dodging
 11882 | Lair:2   | Noticed Prince Ribbit
 11898 | Lair:2   | Killed Prince Ribbit
 11917 | Lair:2   | Found a large runed translucent door.
 11917 | Lair:2   | Found a large runed translucent door.
 12026 | Lair:2   | Noticed Lemonizer's ghost (journeyman DrNe)
 12289 | Lair:3   | Reached ****** piety under Zin
 12635 | Lair:2   | Reached skill level 15 in Axes
 12635 | Lair:2   | Reached skill level 10 in Armour
 13074 | Lair:3   | Found a hole to the Spider Nest.
 13812 | Lair:4   | Noticed a death yak
 13812 | Lair:4   | Noticed a death yak
 13819 | Lair:4   | Noticed a death yak
 13822 | Lair:4   | Noticed a death yak
 13828 | Lair:4   | Killed a death yak
 13841 | Lair:4   | Killed a death yak
 13842 | Lair:4   | Reached skill level 16 in Axes
 13847 | Lair:4   | Killed a death yak
 13854 | Lair:4   | Killed a death yak
 14106 | Lair:4   | Noticed a seven-headed hydra
 14465 | Lair:4   | Reached XP level 13. HP: 100/124 MP: 14/18
 14763 | Lair:5   | Entered Level 5 of the Lair of Beasts
 16052 | Lair:4   | Identified 2 scrolls of acquirement
 16052 | Lair:4   | Acquired the +2 pair of gloves "Voll" {rC- Int+5 Slay+2}
 16082 | Lair:5   | Reached skill level 17 in Axes
 16708 | Lair:5   | Reached skill level 15 in Fighting
 17036 | Lair:5   | Reached skill level 5 in Dodging
 17120 | Lair:5   | Found a viscous altar of Jiyva.
 17120 | Lair:5   | Found a staircase to the Slime Pits.
 17272 | Lair:5   | Reached XP level 14. HP: 130/135 MP: 20/20
 18224 | Lair:5   | Reached skill level 10 in Invocations
 18584 | D:11     | Killed Snorg
 18596 | Orc:1    | Entered Level 1 of the Orcish Mines
 18596 | Orc:1    | Found Focay's Assorted Antiques.
 19098 | Orc:2    | Entered Level 2 of the Orcish Mines
 19098 | Orc:2    | Found Qeas's Book Shoppe.
 19170 | Orc:2    | Paralysed by an orc sorcerer for 4 turns
 19403 | Orc:2    | Found a staircase to the Elven Halls.
 19848 | Orc:2    | Found Jeskog's Magic Scroll Emporium.
 19848 | Orc:2    | Found Tesatazibu's Antique Armour Boutique.
 19850 | Orc:2    | Found Cotra's Jewellery Shop.
 19852 | Orc:2    | Found Xahoirgh's Jewellery Shoppe.
 19860 | Orc:2    | Bought a scroll of teleportation for 36 gold pieces
 19860 | Orc:2    | Bought a scroll of enchant weapon for 90 gold pieces
 19860 | Orc:2    | Bought a scroll of enchant weapon for 90 gold pieces
 19860 | Orc:2    | Bought a scroll of torment for 114 gold pieces
 20253 | D:10     | Acquired the +3 Mad Mage's Maulers {Infuse+∞ VampMP -Cast}
 20253 | D:10     | Found the +3 Mad Mage's Maulers {Infuse+∞ VampMP -Cast}
 20319 | Spider:1 | Entered Level 1 of the Spider Nest
 20319 | Spider:1 | Noticed Jorgrun
 20446 | Spider:1 | HP: 6/207 [demonic crawler (8)]
 20447 | Spider:1 | Slain by a redback

Illustrated notes

#.#######.####.## #.# #......#
#.# ######## #.# #.....# #.#
#..#..# #.# #.###.# #.# #<.#..#
##.## #.....# #@>.# ###.### ##.##
#####.# #.# #.....# #.# #.###.##
########.#####.##.#.#### ##
#......................# .###
#.####..###.##....#.#..# ...#
#####.##.....##.#....!<.....
##.###........#...##.#.<.....#..#


Turn 9457 on D:10: !w1

Levels and vault maps discovered:
D:1:      elethiomel_arrival_shortcut, layout_basic,
          ebering_ecumenical_altar_abandoned, amethyst_killhole
D:2:      layout_basic, st_stairs_8, kennysheep_generic_room_4, uniq_robin,
          uniq_sigmund, uniq_natasha
D:3:      minmay_spotlight, layout_basic, chequers_serial_rivers_small_a,
          uniq_jessica, uniq_terence
D:4:      layout_rooms, zin_purify, serial_glass, glass_columns_a,
          glass_columns_b, feat_on_display, due_unseen_surprise,
          feat_on_display, uniq_menkaure
D:5:      layout_loops_ring, serial_shops, nicolae_diamond_shop,
          small_statue_intersection
D:6:      layout_loops_cross, lemuel_doored_altar,
          grunt_temple_overflow_cloverleaf, minmay_temple_entry_statues
D:7:      layout_gridville
D:8:      layout_rooms, mainiacjoe_overflow_alcove_2, dancing_weapons_uskayaw,
          uniq_maurice
D:9:      layout_cave_pools, grunt_ministairs_7, uniq_harold, uniq_joseph
D:10:     layout_loops_cross, kennysheep_mini, lair_entry_dummy
D:11:     layout_loops_cross, orc_0_dummy, kiku_gazebo_pond_becter,
          uniq_amaemon, uniq_snorg, uniq_urug
Lair:1:   gammafunk_worm_tunnel, layout_chaotic_city
Lair:2:   layout_cave_pods, elwin_shoals_entry_stream,
          ebering_ghost_disaster_area, infiniplex_staircase_pool,
          grunt_megastairs_2, uniq_prince_ribbit2
Lair:3:   layout_roguey, spider_nest_entry_rubble
Lair:4:   layout_cave_pods, minivault_11
Lair:5:   hangedman_lair_tendril_chambers, layout_loops_ring,
          guppyfry_lair_end_dragon, dpeg_slime_entry_enclosed, worms_lemuel
Spider:1: layout_spider_delve, uniq_roxanne, uniq_jorgrun
Orc:1:    layout_diamond_mine, serial_shops, shop_statue
Orc:2:    st_orc_rangers, layout_caves, serial_shops, nicolae_shop_tiny_glass

Skill      XL: |  1  2  3  4  5  6  7  8  9 10 11 12 13 14 |
---------------+-------------------------------------------+-----
Fighting       | 4 6 8 9 10 12 13 14 15 16 | 16.4
Maces & Flails | 3 5 |  5.6
Axes           | 2 6 9 12 14 16 17 | 17.6
Invocations    | 2 5 6 8 9 10 | 10.8
Armour         | 5 7 9 10 11 12 | 12.7
Shields        | 5 |  5.0
Spellcasting   | 2 |  2.1
Dodging        | 3 5 |  5.0

Action                     |  1- 3 |  4- 6 |  7- 9 | 10-12 | 13-15 || total
---------------------------+-------+-------+-------+-------+-------++-------
  Melee: Flail             |    71 |    93 |    10 |       |       ||   174
         Headbutt          |    17 |    19 |    32 |   110 |    99 ||   277
         Dagger            |    28 |       |       |       |    16 ||    44
         Broad axe         |       |       |   228 |   404 |   438 ||  1070
   Fire: Sling             |       |       |       |       |     3 ||     3
  Throw: Dart              |       |       |     4 |     3 |       ||     7
 Invoke: Recite            |       |       |       |     4 |     4 ||     8
         Vitalisation      |       |       |       |     4 |     4 ||     8
         Imprison          |       |       |       |     1 |       ||     1
  Evoke: Wand              |       |       |     1 |     6 |     2 ||     9
         Lightning rod     |       |       |       |       |     4 ||     4
    Use: Scroll            |       |       |       |    12 |    13 ||    25
         Potion            |       |       |       |     1 |     4 ||     5
   Stab: Paralysed         |       |       |     3 |     4 |     2 ||     9
         Invisible         |       |       |       |     1 |       ||     1
         Petrified         |       |       |       |       |    10 ||    10
         Confused          |       |       |       |       |     2 ||     2
 Armour: Scale mail        |    66 |     8 |       |       |       ||    74
         Plate armour      |       |    54 |   136 |       |       ||   190
         Chain mail        |       |       |    55 |   343 |   539 ||   937
  Dodge: Dodged            |    67 |    67 |   136 |   230 |   384 ||   884
  Block: Buckler           |    22 |    25 |    57 |   100 |   177 ||   381
